 Dungeon Crawl Stone Soup version 0.30-a0-462-gd5975efbca (webtiles) character file.

Game seed: 27134350251251855

8 IdlyInterested the Stinger (level 2, 23/23 HPs)
             Began as a Demonspawn Wanderer on Dec 16, 2022.
             Quit the game on level 1 of the Dungeon.
             The game lasted 00:01:29 (217 turns).

IdlyInterested the Stinger (Demonspawn Wanderer)     Turns: 217, Time: 00:01:30

Health: 23/23      AC:  6    Str:  9    XL:     2   Next: 0%
Magic:  3/3        EV:  7    Int: 13    God:
Gold:   29         SH:  0    Dex: 15    Spells: 2/3 levels left

rFire   . . .      SeeInvis .    a - +1 spear
rCold   . . .      Faith    .    (no shield)
rNeg    . . .      Spirit   .    g - +0 scale mail
rPois   .          Reflect  .    (no helmet)
rElec   .          Harm     .    (no cloak)
rCorr   .          Rampage  .    (no gloves)
Will    .....                    (no boots)
Stlth   ..........               (no amulet)
HPRegen 0.23/turn                (no ring)
MPRegen 0.08/turn                (no ring)

@: no status effects
A: powered by death 1
a: no special abilities


You were on level 1 of the Dungeon.
You visited 1 branch of the dungeon, and saw 1 of its levels.

You collected 29 gold pieces.

Inventory:

Hand Weapons
 a - a +1 spear (weapon)
 f - a +0 dagger
Missiles
 e - 3 stones
Armour
 c - a +0 robe
 g - a +0 scale mail (worn)
Scrolls
 b - a scroll of fog
 d - a scroll of poison {unknown}
 i - a scroll of identify {unknown}
Potions
 h - a potion of heal wounds {unknown}


   Skills:
 * Level 2.4 Fighting
 - Level 2.6 Polearms
 - Level 1.0 Armour
 - Level 1.0 Stealth
 - Level 1.0 Spellcasting
 - Level 3.0 Poison Magic


You had 2 spell levels left.
You knew the following spells:

 Your Spells              Type           Power      Damage    Failure   Level
a - Sting                 Tmut/Pois      16%        1d3       77%         1

Your spell library contained the following spells:

 Spells                   Type           Power      Damage    Failure   Level
 Ignite Poison            Fire/Tmut/Pois 3%         N/A       99%         3
 Olgreb's Toxic Radiance  Pois           8%         N/A       100%        4


Dungeon Overview and Level Annotations

Branches:
Dungeon (1/15)

Altars:


Innate Abilities, Weirdness & Mutations

You regenerate a little health from kills.


Message History

The giant cockroach bites you.
You hit the giant cockroach.
The giant cockroach is almost dead.
The giant cockroach completely misses you.
You hit the giant cockroach.
You kill the giant cockroach!
Things that are here:
a giant cockroach corpse; a ball python corpse A quokka comes into view.
The quokka moves out of view.
The quokka bites you.
You hit the quokka.
The quokka is moderately wounded.
The quokka barely misses you.
You closely miss the quokka.
The quokka is lightly wounded.
The quokka barely misses you.
You hit the quokka.
The quokka is almost dead.
The quokka bites you.
You completely miss the quokka.
The quokka is almost dead.
The quokka closely misses you.
You barely miss the quokka.
The quokka is almost dead.
The quokka bites you.
The quokka bites you but does no damage.
You closely miss the quokka.
The quokka is severely wounded.
The quokka bites you.
You hit the quokka.
You kill the quokka!
Training target 1.0 for Armour reached!
Your Armour skill increases to level 1!
You have reached level 2!
Your demonic ancestry asserts itself...
A wave of death washes over you.
Found a stone staircase leading down.
i - a scroll labelled JIMESAPH JECW Are you sure you want to abandon this character and quit the game? (Confirm with "yes".)

###### #....# #....#
############....† #
####...............#
#####.#....##########....#
........#### #....#
.........@.# ######
####....##.# ############
#..#.. ... ............
....#### >..# #####......
.... ##... #...... .....
##.. ####.## .... #..
###.# ##. ##...# #.#..####


There were no monsters in sight!

Vanquished Creatures
  2 ball pythons (D:1)
  An endoplasm (D:1)
  A giant cockroach (D:1)
  A quokka (D:1)
  A bat (D:1)
  A kobold (D:1)
  A rat (D:1)
8 creatures vanquished.

Notes
Turn   | Place    | Note
-------+----------+-------------------------------------------
     0 | D:1      | IdlyInterested the Demonspawn Wanderer began the quest for
                  | the Orb.
     0 | D:1      | IdlyInterested set off with the following items: a +1
                  | spear, a scroll of fog, a +0 robe; and the following spell
                  | memorised: Sting; and the following spells available to
                  | memorise: Ignite Poison, Olgreb's Toxic Radiance.
     0 | D:1      | Reached XP level 1. HP: 16/16 MP: 2/2
   160 | D:1      | Reached skill level 1 in Armour
   160 | D:1      | Gained mutation: You regenerate a little health from kills.
                  | [demonic ancestry]
   160 | D:1      | Reached XP level 2. HP: 11/23 MP: 3/3
   217 | D:1      | Quit the game

Illustrated notes

Levels and vault maps discovered:
D:1:      lightli_arrival_flooded_house, layout_rooms

Skill      XL: |  1 |
---------------+----+-----
Armour         | 1 |  1.0
Fighting       | |  2.4
Polearms       | |  2.6
Stealth        | |  1.0
Spellcasting   | |  1.0
Poison Magic   | |  3.0

Action                   || total
-------------------------++-------
Melee: Spear             ||    34
       Punch             ||     1
 Stab: Sleeping          ||     2
Armor: Scale mail        ||    10
       Robe              ||     9
Dodge: Dodged            ||    11

Table legend: (Time is in decaauts)
 A = Elapsed time spent in this place.
 B = Non-inter-level travel time spent in this place.
 C = Inter-level travel time spent in this place.
 D = Time resting spent in this place.
 E = Time spent auto-exploring this place.
 F = Levels seen in this place.
 G = Mean time per level.
                   A        B        C        D        E       F      G
               +--------+--------+--------+--------+--------+-----+--------+
         Total |    216 |    216 |      0 |      0 |    130 |   1 |  216.0 |
       Dungeon |    216 |    216 |      0 |      0 |    130 |   1 |  216.0 |
               +--------+--------+--------+--------+--------+-----+--------+

Top non-repeatable levels by time:
     D:1: 216 daAuts
